 Dungeon Crawl Stone Soup version 0.31-a0-325-g067879e3d3 (webtiles) character file.

Game seed: 10356834995507712699

3296 LeprechaunX the Grappler (level 10, -2/68 HPs)
             Began as an Octopode Shapeshifter on July 18, 2023.
             Slain by a wyvern (8 damage)
             ... on level 7 of the Dungeon.
             The game lasted 00:10:31 (6818 turns).

LeprechaunX the Grappler (Octopode Shapeshifter)    Turns: 6818, Time: 00:10:31

Health: -2/68      AC:  1    Str: 19    XL:     10   Next: 1%
Magic:  10/10      EV: 14    Int: 11    God:
Gold:   430        SH:  0    Dex: 12    Spells: 9/9 levels left

rFire   . . .        r - +2 short sword (speed)
rCold   . . .        (no shield)
rNeg    . . .        (helmet currently unavailable)
rPois   .            (no amulet)
rElec   .            C - ring of willpower
rCorr   .            (no ring)
SInv    .            (no ring)
Will    +....        (no ring)
Stlth   ++           (no ring)
HPRegen 0.31/turn    (no ring)
MPRegen 0.12/turn    (no ring)
                     (no ring)

%: no passive effects
@: beast-form
A: beast (slay +5), almost no armour, amphibious, 8 rings, camouflage 1,
gelatinous body 1, (nimble swimmer 1), tentacles
a: Begin Untransformation


You were on level 7 of the Dungeon.
You were a hulking beast.
You visited 1 branch of the dungeon, and saw 7 of its levels.

You collected 430 gold pieces.

Inventory:

Hand Weapons
 r - a +2 short sword of speed (weapon)
Missiles
 p - 7 javelins (quivered)
Armour
 s - a +0 hat
Jewellery
 C - a ring of willpower (left tentacle)
Talismans
 b - a beast talisman
 g - a blade talisman
Wands
 o - a wand of polymorph (10)
 q - a wand of flame (59)
 x - a wand of mindburst (9)
 A - a wand of paralysis (2)
 B - a wand of light (18)
Scrolls
 c - 12 scrolls of identify {unknown}
 d - a scroll of revelation {unknown}
 e - 2 scrolls of amnesia {unknown}
 f - 2 scrolls of enchant armour {unknown}
 k - 2 scrolls of immolation {unknown}
 m - 2 scrolls of fear {unknown}
 n - 2 scrolls of vulnerability {unknown}
 u - a scroll of poison {unknown}
 y - a scroll of torment {unknown}
 z - a scroll of fog {unknown}
 F - a scroll of noise {unknown}
Potions
 a - 2 potions of lignification
 h - 6 potions of curing {unknown}
 i - a potion of magic {unknown}
 j - 3 potions of might {unknown}
 l - 4 potions of haste {unknown}
 t - a potion of resistance {unknown}
 v - a potion of berserk rage {unknown}
 w - a potion of degeneration {unknown}
 D - a potion of mutation {unknown}
 E - a potion of heal wounds {unknown}


   Skills:
 + Level 6.1 Fighting
 - Level 4.0 Dodging
 * Level 8.8 Unarmed Combat
 * Level 7.7 Shapeshifting


You had 9 spell levels left.
You didn't know any spells.
Your spell library contained the following spells:

 Spells                   Type           Power      Damage    Failure   Level
 Apportation              Tloc           0%         N/A       34%         1
 Necrotise                Necr           0%         1d4       34%         1
 Slow                     Hex            0%         N/A       34%         1
 Summon Small Mammal      Summ           0%         N/A       34%         1
 Sublimation of Blood     Necr           0%         N/A       47%         2
 Wereblood                Tmut           0%         N/A       47%         2
 Confusing Touch          Hex            0%         N/A       71%         3
 Vampiric Draining        Necr           0%         2d6       71%         3
 Summon Hydra             Summ           0%         N/A       100%        7


Dungeon Overview and Level Annotations

Branches:
Dungeon (7/15)             Temple (0/1) D:4

Altars:
Ashenzari
Hepliaklqana
Kikubaaqudgha
Ru
Sif Muna
Uskayaw
Vehumet
Xom

Shops:
D:6 ?

Annotations:
D:5 1 runed translucent door, Crazy Yiuf


Innate Abilities, Weirdness & Mutations

You are a hulking beast.
Your limbs bulge with bestial killing power. (Slay +5)
You cannot wear most types of armour.
You are amphibious.
You can wear up to eight rings at the same time.
Your skin changes colour to match your surroundings (Stealth+).
Your rubbery body absorbs attacks. (AC +1, EV +1)
((You are camouflaged when in or above water. (Stealth+)))
You have tentacles for arms and can constrict up to eight enemies at once.


Message History

The wyvern is lightly wounded.
The wyvern misses you.
You hit the wyvern but do no damage.
The wyvern is lightly wounded.
The wyvern bites you.
You hit the orc wizard. You grab the orc wizard.
The orc wizard is moderately wounded.
You constrict the orc wizard. The wyvern bites you.
You puncture the orc wizard!
The orc wizard is almost dead.
You constrict the orc wizard.
You kill the orc wizard!
The wyvern bites you.
You have reached level 10!
You feel stronger.
You barely miss the gnoll bouda. Your grab misses the gnoll bouda.
You squeeze the gnoll bouda.
The gnoll bouda is almost dead.
The wyvern closely misses you.
The gnoll bouda mumbles some strange prayers to its god.
The gnoll bouda is healed somewhat.
Unknown command.
You hit the gnoll bouda. You grab the gnoll bouda. You squeeze the gnoll bouda.
The gnoll bouda is almost dead.
You constrict the gnoll bouda, but do no damage.
The wyvern bites you!
You hit the gnoll bouda.
You kill the gnoll bouda!
Your attacks no longer feel as feeble.
The wyvern closely misses you.
You barely miss the wyvern. Your squeeze misses the wyvern.
The wyvern is lightly wounded.
The wyvern bites you.
* * * LOW HITPOINT WARNING * * *
You hit the wyvern.
The wyvern is moderately wounded.
The wyvern bites you!
* * * LOW HITPOINT WARNING * * *
The wyvern bites you!
You die...

##.................
##...........#....
#...........#....
####...........#(...
#......#.......#....
#......##.....##....
#......##.....######
##......##.....######
#...h...##...........
#...l..##########....
#..)..##..... ##...
#...{##(..... ##..
#....#....o.. #..
#...o#....... ##.
#...#)..# #.
#..##.({# ## #..
..##..! #


You could see a wyvern and an orc.

Vanquished Creatures
  A wyvern (D:7)
  3 water moccasins
  3 ice beasts
  2 black bears
  A sky beast (D:7)
  An ogre (D:6)
  A phantom (D:4)
  A kobold brigand (D:7)
  A bullfrog (D:6)
  A gnoll sergeant (D:7)
  4 scorpions
  7 wights
  3 killer bees (D:7)
  5 orc priests
  2 gnoll boudas
  4 hounds
  9 iguanas
  Natasha (thrice) (D:2)
  7 orc wizards
  3 sleepcaps (D:3)
  Robin (D:2)
  9 gnolls
  9 adders
  2 white imps
  2 worms
  3 dart slugs
  27 orcs
  5 bats
  8 endoplasms
  2 giant cockroaches
  17 goblins
  11 hobgoblins
  2 jackals (D:4)
  4 quokkas
  5 ball pythons
  10 frilled lizards
  7 kobolds
  6 rats
192 creatures vanquished.

Notes
Turn   | Place    | Note
-------+----------+-------------------------------------------
     0 | D:1      | LeprechaunX the Octopode Shapeshifter began the quest for
                  | the Orb.
     0 | D:1      | Reached XP level 1. HP: 14/14 MP: 1/1
    81 | D:1      | Reached XP level 2. HP: 19/19 MP: 2/2
   842 | D:2      | Noticed Robin
   855 | D:2      | Reached XP level 3. HP: 14/24 MP: 3/3
   933 | D:2      | Noticed Natasha
   939 | D:2      | Killed Natasha
   940 | D:2      | Reached XP level 4. HP: 21/30 MP: 4/4
   989 | D:2      | Reached skill level 3 in Unarmed Combat
  1065 | D:2      | Found a faded altar of an unknown god.
  1187 | D:2      | Noticed Natasha
  1192 | D:2      | Killed Natasha
  1222 | D:2      | Killed Robin
  1336 | D:2      | Reached XP level 5. HP: 35/35 MP: 5/5
  1540 | D:2      | Noticed Natasha
  1544 | D:2      | Killed Natasha
  1799 | D:3      | Noticed a water moccasin
  1806 | D:3      | Killed a water moccasin
  1807 | D:3      | Reached skill level 4 in Unarmed Combat
  1807 | D:3      | Reached XP level 6. HP: 42/42 MP: 6/6
  2549 | D:4      | Reached XP level 7. HP: 46/46 MP: 7/7
  2558 | D:4      | Found a staircase to the Ecumenical Temple.
  2812 | D:4      | Reached skill level 5 in Unarmed Combat
  2944 | D:4      | Reached skill level 5 in Shapeshifting
  3277 | D:4      | Found an ancient bone altar of Kikubaaqudgha.
  3444 | D:5      | Entered Level 5 of the Dungeon
  3451 | D:5      | Reached XP level 8. HP: 38/54 MP: 8/8
  3831 | D:5      | Found a shimmering blue altar of Sif Muna.
  3834 | D:5      | Found a sacrificial altar of Ru.
  3884 | D:5      | Reached skill level 6 in Unarmed Combat
  3986 | D:5      | Found a broken altar of Ashenzari.
  4021 | D:5      | Found a radiant altar of Vehumet.
  4061 | D:5      | Found a hide-covered altar of Uskayaw.
  4127 | D:5      | Found a runed translucent door.
  4128 | D:5      | Noticed Crazy Yiuf
  4581 | D:6      | Found Sadd's Magic Scroll Emporium.
  4644 | D:6      | Found a shimmering altar of Xom.
  4645 | D:6      | Found a hazy altar of Hepliaklqana.
  4646 | D:6      | Noticed a spectral ugly thing
  4900 | D:6      | Reached skill level 7 in Unarmed Combat
  4900 | D:6      | Reached XP level 9. HP: 53/60 MP: 9/9
  5027 | D:6      | Reached skill level 5 in Fighting
  5701 | D:7      | Reached skill level 8 in Unarmed Combat
  6813 | D:7      | Reached XP level 10. HP: 36/68 MP: 10/10
  6818 | D:7      | Slain by a wyvern

Illustrated notes

Levels and vault maps discovered:
D:1:      noname_arrival_rooms_in_the_neighbourhood, layout_basic
D:2:      kennysheep_six_static_rooms, layout_basic,
          hellmonk_ecumenical_altar_zigzags, chequers_garden, uniq_robin,
          uniq_natasha
D:3:      layout_basic, dk_noncrumbling_3, hellmonk_no_cap
D:4:      layout_loops_cross, general_overflow_altar,
          minmay_temple_entry_overgrown, minmay_fractal_squares_gapless_5
D:5:      layout_gridville, nicolae_ashenzari_skybound,
          nicolae_overflow_macrodata_refinement, minmay_lizard_king,
          uniq_crazy_yiuf_cottage
D:6:      layout_gridville, regret_index_temple_of_mockery, serial_shops,
          nicolae_shop_tiny_statue_garden, corner_web_ring
D:7:      layout_basic, minmay_misc_feat_roman, serial_bayou_pond_d,
          nzn_random_ring

Skill      XL: |  1  2  3  4  5  6  7  8  9 |
---------------+----------------------------+-----
Unarmed Combat | 3 4 5 7 8 |  8.8
Fighting       | 3 4 6 |  6.1
Dodging        | 3 4 |  4.0
Shapeshifting  | 4 5 6 7 |  7.7

Action                     |  1- 3 |  4- 6 |  7- 9 | 10-12 || total
---------------------------+-------+-------+-------+-------++-------
  Melee: Unarmed           |    45 |    56 |       |       ||   101
         Constrict         |     9 |    23 |    82 |     1 ||   115
         Tentacles         |     7 |    17 |    79 |     2 ||   105
         Punch             |     2 |     4 |    15 |       ||    21
         Short sword       |       |    30 |   284 |     5 ||   319
  Throw: Javelin           |       |     1 |    21 |       ||    22
   Stab: Sleeping          |     1 |     5 |    10 |       ||    16
 Armour: Skin              |     2 |     6 |    13 |       ||    21
  Dodge: Dodged            |    17 |    55 |   127 |     2 ||   201

Table legend: (Time is in decaauts)
 A = Elapsed time spent in this place.
 B = Non-inter-level travel time spent in this place.
 C = Inter-level travel time spent in this place.
 D = Time resting spent in this place.
 E = Time spent auto-exploring this place.
 F = Levels seen in this place.
 G = Mean time per level.
                   A        B        C        D        E       F      G
               +--------+--------+--------+--------+--------+-----+--------+
         Total |   6720 |   6508 |    212 |    945 |   4492 |   7 |  960.0 |
       Dungeon |   6720 |   6508 |    212 |    945 |   4492 |   7 |  960.0 |
               +--------+--------+--------+--------+--------+-----+--------+

Top non-repeatable levels by time:
     D:7: 1254 daAuts
     D:6: 1163 daAuts
     D:4: 1120 daAuts
     D:2: 983 daAuts
     D:3: 768 daAuts
     D:1: 725 daAuts
     D:5: 704 daAuts
